 Dungeon Crawl Stone Soup version 0.30-b1-2-g02819fbbbe (webtiles) character file.

Game seed: 6790456717223532587

7077 Dragonaires the Protected (level 11, -7/66 HPs)
             Began as a Gargoyle Fighter on July 26, 2023.
             Was a Believer of Makhleb.
             Mangled by a two-headed ogre
             ... wielding a +0 giant club
              (10 damage)
             ... on level 1 of the Orcish Mines.
             The game lasted 01:20:07 (8609 turns).

Dragonaires the Protected (Gargoyle Fighter)        Turns: 8609, Time: 01:20:08

Health: -7/66      AC: 28    Str: 22    XL:     11   Next: 9%
Magic:  14/14      EV:  6    Int: 12    God:    Makhleb [**....]
Gold:   92         SH: 15    Dex:  9    Spells: 14/15 levels left

rFire   + . .        t - +2 flail (protect)
rCold   . . .        h - +1 tower shield
rNeg    + + +        l - +6 chain mail "Cetarghuut" {-Tele rN++ Will- Int+3 SInv}
rPois   ∞            p - +1 helmet
rElec   +            (no cloak)
rCorr   .            (no gloves)
SInv    +            (no boots)
Will    .....        G - amulet of magic regeneration Stlth
                     f - +4 ring of slaying
HPRegen 0.31/turn    (no ring)
MPRegen 0.54/turn

%: no teleportation
@: no status effects
A: sickness immunity, AC +8, negative energy resistance 1, electricity
resistance, torment resistance 1, petrification resistance, dopey 1, fire
resistance 1
a: Renounce Religion, Minor Destruction


You were on level 1 of the Orcish Mines.
You worshipped Makhleb.
Makhleb was pleased with you.
You visited 3 branches of the dungeon, and saw 10 of its levels.

You collected 590 gold pieces.
You spent 498 gold pieces at shops.

Inventory:

Hand Weapons
 a - a +0 flail
 d - a +4 great sword
 i - a +3 sling
 m - a +1 whip of electrocution
 s - the +3 shortbow "Kollave" {heavy, *Corrode +Blink rPois rC++}
   (You found it on level 5 of the Dungeon)

   rC:        It greatly protects you from cold.
   rPois:     It protects you from poison.
   +Blink:    It lets you blink.
   *Corrode:  It may corrode you when you take damage.
 t - a +2 flail of protection (weapon)
 A - a +0 dagger
Missiles
 y - 5 javelins
 B - 8 poisoned darts (quivered)
Armour
 b - a +1 scale mail
 c - a +0 buckler
 e - a +0 leather armour
 h - a +1 tower shield (worn)
 j - a +0 leather armour of poison resistance
 l - the +6 chain mail "Cetarghuut" (worn) {-Tele rN++ Will- Int+3 SInv}
   (You found it on level 2 of the Dungeon)

   Int:       It affects your intelligence (+3).
   rN:        It greatly protects you from negative energy.
   SInv:      It lets you see invisible.
   -Tele:     It prevents most forms of teleportation.
   Will:      It decreases your willpower.
 o - the +0 scale mail of the Heavens {-Cast Harm Fly rPois}
   (You found it on level 6 of the Dungeon)

   rPois:     It protects you from poison.
   Fly:       It grants you flight.
   -Cast:     It prevents spellcasting.
   Harm:      It increases damage dealt and taken.
 p - a +1 helmet (worn)
Magical Staves
 x - a staff of poison
Jewellery
 f - a +4 ring of slaying (left hand)
 G - an amulet of magic regeneration (around neck)
Wands
 r - a wand of mindburst (21)
 u - a wand of flame (20)
 H - a wand of polymorph (5)
Scrolls
 k - a scroll of vulnerability
Potions
 g - a potion of magic
 n - a potion of cancellation
 q - a potion of berserk rage {unknown}
 v - a potion of invisibility {unknown}
 w - 2 potions of lignification
 z - a potion of brilliance
 C - a potion of flight {unknown}
 D - 3 potions of curing {unknown}
 E - a potion of haste {unknown}
 F - a potion of degeneration {unknown}


   Skills:
 + Level 6.8 Fighting
 + Level 9.1 Maces & Flails
 * Level 10.8 Armour
 - Level 0.3 Dodging
 + Level 9.1 Shields
 - Level 2.5 Spellcasting
 - Level 3.0 Necromancy


You had 14 spell levels left.
You knew the following spells:

 Your Spells              Type           Power      Damage    Failure   Level
a - Beastly Appendage     Tmut           2%         N/A       99%         1

Your spell library contained the following spells:

 Spells                   Type           Power      Damage    Failure   Level
 Necrotise                Necr           32%        1d5       83%         1
 Kiss of Death            Conj/Necr      20%        2d7       95%         1
 Sting                    Tmut/Pois      4%         1d3       99%         1
 Vampiric Draining        Necr           8%         2d6       99%         3
 Poisonous Vapours        Pois/Air       2%         N/A       100%        2
 Wereblood                Tmut           1%         N/A       100%        2
 Confusing Touch          Hex            1%         N/A       100%        3
 Spider Form              Tmut/Pois      1%         N/A       100%        3
 Animate Dead             Necr           8%         N/A       100%        4
 Dispel Undead            Necr           8%         3d8       100%        4
 Olgreb's Toxic Radiance  Pois           1%         N/A       100%        4


Dungeon Overview and Level Annotations

Branches:
Dungeon (9/15)             Temple (1/1) D:6             Orc (1/2) D:9
   Lair: D:8-11

Altars:
Ashenzari
Cheibriados
Elyvilon
Fedhas
Gozag
Hepliaklqana
Kikubaaqudgha
Makhleb
Nemelex Xobeh
Okawaru
Qazlal
Ru
Trog
Uskayaw
Vehumet
Wu Jian
Xom
Yredelemnul
Zin

Shops:
D:7 *

Annotations:
D:6 3 runed translucent doors, diceflayer's ghost, novice DsHu


Innate Abilities, Weirdness & Mutations

You are immune to sickness and miasma.
Your stone body is resilient. (AC +8)
You are immune to poison.
You resist negative energy. (rN+)
You are resistant to electric shocks. (rElec)
You are resistant to unholy torment.
You are immune to petrification.
You are dopey. (Int -2)
Your flesh is heat resistant. (rF+)


Message History

Aiming: Mindburst
Press: ? - help, Shift-Dir - straight line, f - two-headed ogre
Aim: a two-headed ogre, wielding two +0 giant clubs (chance to affect: 47%)
The two-headed ogre resists with some effort.
A two-headed ogre comes into view.
It is wielding a +0 giant spiked club and a +0 giant club.
Throw: 12 darts (poison)
Press: ? - help, Q - select action, (/) - cycle Shift-Dir - straight line, f - two-headed ogre, p - two-headed ogre
Aim: a two-headed ogre, wielding two +0 giant spiked clubs (77% to hit)
You throw a poisoned dart.
The poisoned dart hits the two-headed ogre.
The two-headed ogre is poisoned.
An ogre mage comes into view. It is wielding a +0 flail.
Throw: 11 darts (poison)
Press: ? - help, Q - select action, (/) - cycle Shift-Dir - straight line, f - two-headed ogre, p - two-headed ogre
Aim: a two-headed ogre, wielding two +0 giant clubs (77% to hit)
You throw a poisoned dart.
The poisoned dart hits the two-headed ogre.
The ogre mage points at the two-headed ogre and mumbles some strange words.
The two-headed ogre seems to speed up.
Throw: 10 darts (poison)
Press: ? - help, Q - select action, (/) - cycle Shift-Dir - straight line, f - two-headed ogre, p - two-headed ogre
Aim: a two-headed ogre, wielding a +0 giant spiked club and a +0 giant club (fast, 77% to hit)
You throw a poisoned dart.
The poisoned dart hits the two-headed ogre.
The two-headed ogre is poisoned.
Throw: 9 darts (poison)
Press: ? - help, Q - select action, (/) - cycle Shift-Dir - straight line, f/p - two-headed ogre
Aim: a two-headed ogre, wielding a +0 giant spiked club and a +0 giant club (fast, 77% to hit)
You throw a poisoned dart.
The poisoned dart hits the two-headed ogre.
The two-headed ogre looks even sicker.
The two-headed ogre hits you with a +0 giant club!
You block the two-headed ogre's attack.
The two-headed ogre hits you with a +0 giant spiked club!!
* * * LOW HITPOINT WARNING * * *
You block the two-headed ogre's attack.
The two-headed ogre hits you with a +0 giant club.
* * * LOW HITPOINT WARNING * * *
The two-headed ogre hits you with a +0 giant club!
You die...

## ########
..#..#......###.
..(...O)).......
...O((O)@>......
.....$OO........
................
#####...........
#...........
+.8.........
#...........
#...........


You could see 4 two-headed ogres and an ogre mage.

Vanquished Creatures
  Erica (D:8)
  A two-headed ogre (D:9)
  A troll (D:8)
  A hornet (D:9)
  Prince Ribbit (D:6)
  13 yaks
  Eustachio (D:6)
  A wyvern (D:8)
  Menkaure (D:7)
  Edmund (D:6)
  A sky beast (D:7)
  2 orc warriors (D:8)
  An ice beast (D:7)
  3 black bears
  An ogre (D:5)
  A centaur (D:8)
  A phantom (D:6)
  2 kobold brigands
  Blork the orc (D:6)
  2 bullfrogs
  4 scorpions
  3 wights (D:4)
  4 killer bees (D:9)
  2 howler monkeys
  A centaur zombie (D:4)
  A bullfrog zombie (D:4)
  A human zombie (D:4)
  3 hounds
  A jelly (D:4)
  3 gnoll boudas
  2 orc priests
  Jessica (D:2)
  3 iguanas
  4 sleepcaps
  3 orc wizards
  A scorpion zombie (D:4)
  A hound zombie (D:4)
  2 mummies (D:4)
  21 gnolls
  6 adders
  A shadow imp (D:5)
  2 white imps (D:6)
  An ufetubus (D:5)
  An adder zombie (D:4)
  A worm (D:2)
  A dart slug (D:4)
  19 orcs
  2 endoplasms (D:1)
  3 giant cockroaches
  3 goblins
  7 hobgoblins
  6 quokkas
  3 ball pythons
  4 bats
  6 frilled lizards
  12 kobolds
  A quokka zombie (D:4)
  4 rats
  A bush (D:2)
182 creatures vanquished.

Vanquished Creatures (collateral kills)
  3 gnolls (D:4)
  2 hobgoblins (D:4)
  2 ball pythons (D:4)
7 creatures vanquished.

Vanquished Creatures (others)
  3 plants (D:2)
3 creatures vanquished.

Grand Total: 192 creatures vanquished

Notes
Turn   | Place    | Note
-------+----------+-------------------------------------------
     0 | D:1      | Dragonaires the Gargoyle Fighter began the quest for the
                  | Orb.
     0 | D:1      | Reached XP level 1. HP: 14/14 MP: 1/1
   438 | D:1      | Reached XP level 2. HP: 19/19 MP: 2/2
   659 | D:1      | Gained mutation: You are somewhat resistant to further
                  | mutation. [potion of mutation]
   659 | D:1      | Gained mutation: You are robust. (+10% HP) [potion of
                  | mutation]
  1202 | D:2      | Identified the +6 chain mail "Cetarghuut" {-Tele rN++ Will-
                  | Int+3 SInv}
  1535 | D:2      | Reached XP level 3. HP: 24/25 MP: 3/3
  1611 | D:2      | Noticed Jessica
  1625 | D:2      | Killed Jessica
  1626 | D:2      | Reached XP level 4. HP: 31/31 MP: 4/4
  1721 | D:2      | You fall into a shaft and drop 2 floors!
  1828 | D:4      | Reached skill level 4 in Armour
  1866 | D:4      | Reached XP level 5. HP: 35/36 MP: 5/5
  2080 | D:4      | Reached skill level 1 in Spellcasting
  2085 | D:4      | Learned a level 1 spell: Beastly Appendage
  2340 | D:4      | Reached XP level 6. HP: 40/41 MP: 7/7
  2356 | D:4      | Noticed a black bear
  2376 | D:4      | Killed a black bear
  2698 | D:4      | Reached skill level 5 in Armour
  2973 | D:4      | Reached XP level 7. HP: 48/48 MP: 9/9
  3150 | D:4      | Found an ancient bone altar of Kikubaaqudgha.
  3157 | D:4      | Reached skill level 6 in Armour
  3163 | D:4      | Became a worshipper of Kikubaaqudgha
  3239 | D:5      | Entered Level 5 of the Dungeon
  3329 | D:5      | Lost mutation: You are robust. (+10% HP) [potion of
                  | mutation]
  3329 | D:5      | Lost mutation: You are somewhat resistant to further
                  | mutation. [potion of mutation]
  3329 | D:5      | Gained mutation: Your flesh is heat resistant. (rF+)
                  | [potion of mutation]
  3329 | D:5      | Gained mutation: You are dopey. (Int -2) [potion of
                  | mutation]
  3344 | D:5      | Reached XP level 8. HP: 48/48 MP: 11/11
  3424 | D:5      | Reached skill level 5 in Maces & Flails
  3570 | D:5      | Reached skill level 5 in Shields
  3570 | D:5      | Reached skill level 1 in Necromancy
  3909 | D:5      | Noticed a yak
  3909 | D:5      | Noticed a vampire
  3948 | D:5      | Identified the +3 shortbow "Kollave" {heavy, *Corrode
                  | +Blink rPois rC++}
  4269 | D:6      | Found a runed translucent gate.
  4269 | D:6      | Noticed a gargoyle
  4270 | D:6      | Found a runed translucent gate.
  4270 | D:6      | Found an opulent altar of Gozag.
  4272 | D:6      | Found a runed translucent gate.
  4272 | D:6      | Noticed diceflayer's ghost (novice DsHu)
  4399 | D:6      | Found a bloodstained altar of Trog.
  4414 | D:6      | Noticed Blork the orc
  4426 | D:6      | Killed Blork the orc
  4427 | D:6      | Reached skill level 5 in Fighting
  4427 | D:6      | Reached skill level 7 in Armour
  4446 | D:6      | Found a staircase to the Ecumenical Temple.
  4448 | D:6      | Noticed Edmund
  4473 | D:6      | Killed Edmund
  4656 | Temple   | Entered the Ecumenical Temple
  5035 | D:6      | Reached * piety under Kikubaaqudgha
  5035 | D:6      | Received a gift from Kikubaaqudgha
  5268 | Temple   | Fell from the grace of Kikubaaqudgha
  5268 | Temple   | Became a worshipper of Makhleb the Destroyer
  5476 | D:6      | Noticed Eustachio
  5479 | D:6      | Reached XP level 9. HP: 54/54 MP: 12/12
  5479 | D:6      | Noticed Prince Ribbit
  5543 | D:6      | Killed Prince Ribbit
  5545 | D:6      | Reached skill level 8 in Armour
  5580 | D:6      | Killed Eustachio
  5594 | D:6      | Identified the +0 scale mail of the Heavens {-Cast Harm Fly
                  | rPois}
  5939 | D:7      | Noticed Menkaure
  5955 | D:7      | Killed Menkaure
  6088 | D:7      | Reached * piety under Makhleb
  6302 | D:7      | Found a sacrificial altar of Ru.
  6351 | D:7      | Found a hide-covered altar of Uskayaw.
  6460 | D:7      | Found Bofaoz's General Store.
  6469 | D:7      | Bought a scroll of identify for 24 gold pieces
  6469 | D:7      | Bought an amulet of magic regeneration for 360 gold pieces
  6469 | D:7      | Bought a scroll of identify for 24 gold pieces
  6469 | D:7      | Bought a scroll of enchant armour for 90 gold pieces
  6725 | D:8      | Noticed Erica
  6748 | D:8      | Killed Erica
  6749 | D:8      | Reached skill level 9 in Armour
  6749 | D:8      | Reached XP level 10. HP: 19/60 MP: 13/13
  7978 | D:9      | Noticed a two-headed ogre
  7985 | D:9      | Killed a two-headed ogre
  7986 | D:9      | Reached skill level 10 in Armour
  8187 | D:9      | Reached XP level 11. HP: 42/66 MP: 14/14
  8193 | D:9      | Reached ** piety under Makhleb
  8205 | D:9      | HP: 3/66 [yak (5)]
  8576 | D:9      | Found a staircase to the Orcish Mines.
  8595 | Orc:1    | Entered Level 1 of the Orcish Mines
  8603 | Orc:1    | Noticed a two-headed ogre
  8603 | Orc:1    | Noticed a two-headed ogre
  8603 | Orc:1    | Noticed a two-headed ogre
  8604 | Orc:1    | Noticed a two-headed ogre
  8605 | Orc:1    | Noticed an ogre mage
  8609 | Orc:1    | HP: 3/66 [two-headed ogre/+0 giant club (6)]
  8609 | Orc:1    | Mangled by a two-headed ogre

Illustrated notes

Levels and vault maps discovered:
D:1:      lightli_arrival_chessboard, layout_loops_ring
D:2:      layout_basic, serial_forest, infiniplex_forest_corner_1,
          infiniplex_forest_end_double, infiniplex_forest_3_way,
          infiniplex_forest_straight_1, infiniplex_forest_clump_medium,
          infiniplex_forest_lined_corner, uniq_jessica
D:4:      layout_cave_pods, lemuel_mausoleum_altar_kikubaaqudgha,
          grunt_tough_drop
D:5:      layout_basic, lightli_corner_chamber
D:6:      layout_loops_cross, trog_book, temple_pool_b, ebering_ghost_gozag,
          minmay_chambers_of_fives, uniq_eustachio, uniq_edmund,
          uniq_blork_the_orc, uniq_prince_ribbit1
D:7:      layout_basic, mainiacjoe_overflow_brackets, nicolae_ru_awakened_eye,
          serial_shops, shop, uniq_menkaure
D:8:      layout_basic, st_stairs_8, chequers_serial_rivers_micro_d, uniq_erica
D:9:      layout_loops_ring, minmay_orc_entry_temple_small, enter_bailey_2
Temple:   nicolae_temple_bog_church
Orc:1:    layout_caves, basic_altar, david_defended_altar_orc

Skill      XL: |  1  2  3  4  5  6  7  8  9 10 11 |
---------------+----------------------------------+-----
Maces & Flails | 3 4 6 7 8 9 |  9.1
Armour         | 4 5 6 7 9 10 | 10.8
Shields        | 4 5 8 9 |  9.1
Fighting       | 4 5 6 |  6.8
Spellcasting   | 1 2 |  2.5
Necromancy     | 2 3 |  3.0
Dodging        | |  0.3

Action                     |  1- 3 |  4- 6 |  7- 9 | 10-12 || total
---------------------------+-------+-------+-------+-------++-------
  Melee: Flail             |   185 |    43 |   232 |   143 ||   603
         Whip              |       |    68 |   167 |       ||   235
  Throw: Dart              |       |       |       |     4 ||     4
  Evoke: Wand              |       |       |       |     2 ||     2
    Use: Scroll            |     5 |     5 |    10 |     3 ||    23
         Potion            |     1 |     3 |     2 |       ||     6
 Armour: Scale mail        |    35 |       |       |       ||    35
         Chain mail        |    46 |   140 |   406 |   109 ||   701
  Dodge: Dodged            |    52 |    79 |   178 |    26 ||   335
  Block: Buckler           |    31 |    36 |    46 |       ||   113
         Tower shield      |       |       |   245 |   148 ||   393
